 Dungeon Crawl Stone Soup version 0.19-a0-261-g60b6c46 (webtiles) character file.

14 DeWulff the Grave Robber (level 2, -8/19 HPs)
             Began as a Human Necromancer on May 26, 2016.
             Mangled by a gnoll
             ... wielding a +0 whip
              (9 damage)
             ... on level 1 of the Dungeon.
             The game lasted 00:09:23 (469 turns).

DeWulff the Grave Robber (Human Necromancer)         Turns: 469, Time: 00:09:24

Health: -8/19      AC:  3    Str:  8    XL:     2   Next: 60%
Magic:  0/5        EV: 12    Int: 15    God:
Gold:   40         SH:  0    Dex: 13    Spells: 2 memorised, 3 levels left

rFire  . . .     SeeInvis .     k - +0 hand axe
rCold  . . .     Gourm    .     a - +1 robe
rNeg   . . .     Faith    .     (no shield)
rPois  .         Spirit   .     (no helmet)
rElec  .         Dismiss  .     (no cloak)
rCorr  .         Reflect  .     (no gloves)
SustAt .         Harm     .     (no boots)
MR     .....                    (no amulet)
Stlth  ++........               (no ring)
                                (no ring)

@: not resistant to hostile enchantments, unstealthy
A: no striking features
a: no special abilities


You were on level 1 of the Dungeon.
You were not hungry.

You visited 1 branch of the dungeon, and saw 1 of its levels.

You collected 40 gold pieces.

Inventory:

Hand Weapons
 k - a +0 hand axe (weapon)
 l - a +0 short sword
Missiles
 d - 18 stones (quivered)
 g - 18 sling bullets
 j - 14 arrows
Armour
 a - a +1 robe (worn)
Books
 b - a book of Necromancy

   Spells                             Type                      Level
   a - Pain                           Necromancy                   1
   b - Animate Skeleton               Necromancy                   1
   c - Vampiric Draining              Necromancy                   3
   d - Regeneration                   Charms/Necromancy            3
   e - Animate Dead                   Necromancy                   4
   f - Control Undead                 Necromancy                   4
Comestibles
 c - a bread ration
 f - 3 chunks of flesh
 h - a slice of pizza


   Skills:
 + Level 2.0 Dodging
 + Level 2.0 Stealth
 + Level 2.2 Spellcasting
 + Level 4.4 Necromancy


You had 3 spell levels left.
You knew the following spells:

 Your Spells              Type           Power        Failure   Level  Hunger
a - Pain                  Necr           ##..         4%          1    #......
b - Animate Skeleton      Necr           N/A          4%          1    #......


Dungeon Overview and Level Annotations

Branches:
Dungeon (1/15)

Altars:


Message History

Casting: Pain
Confirm with . or Enter, or press ? or * to list all spells.
Aiming: Pain
Press: ? - help, Shift-Dir - straight line, f - gnoll, p - kobold
Aim: a gnoll, wielding a whip and wearing a scratched wooden ring (chance to defeat MR: 79%)
The gnoll convulses in agony!
You closely miss the gnoll.
The gnoll is moderately wounded.
The gnoll closely misses you.
You closely miss the gnoll.
The gnoll is moderately wounded.
The gnoll hits you with a whip.
Some of the chunks of flesh in your inventory have rotted away.
You barely miss the gnoll.
The gnoll is moderately wounded.
The gnoll hits you with a whip!
* * * LOW HITPOINT WARNING * * *
A hobgoblin comes into view. It is wielding a club.
The gnoll hits you with a whip!
You die...

.♣...♣...♣................#
♣.♣.♣.♣.♣.♣...............#
...♣...♣..................##
♣.♣.♣.♣.♣.♣.................
.♣...♣...♣.#######........#
♣.♣.♣.♣.♣.## #........#
.........###### #........##
..............####g...))....
.........###....@gK...)g....
.........# #......#######...
.........# #.>....# .
.........# #......#
.........###......#
.........##...########
.........##.##........
.........##.##........
#####'#####.##........


You could see 2 gnolls, a hobgoblin (wandering) and a kobold.

Vanquished Creatures
  A ball python (D:1)
  A giant cockroach (D:1)
  3 goblins (D:1)
  3 hobgoblins (D:1)
  A jackal (D:1)
  2 rats (D:1)
11 creatures vanquished.

Vanquished Creatures (collateral kills)
  A ball python (D:1)
  A jackal (D:1)
  A rat (D:1)
3 creatures vanquished.

Grand Total: 14 creatures vanquished

Notes
Turn   | Place    | Note
--------------------------------------------------------------
     0 | D:1      | DeWulff the Human Necromancer began the quest for the Orb.
     0 | D:1      | Reached XP level 1. HP: 13/13 MP: 3/3
     3 | D:1      | Learned a level 1 spell: Animate Skeleton
   191 | D:1      | Reached XP level 2. HP: 6/19 MP: 5/5
   469 | D:1      | Mangled by a gnoll

Vault maps used:
D:1:      minmay_arrival_loop, kennysheep_crisscross

Action                   || total
-------------------------++-------
Melee: Unarmed           ||     2
       Hand axe          ||     7
Throw: Stone             ||    13
 Cast: Pain              ||    15
       Animate Skeleton  ||     8
  Use: Scroll            ||     3
       Potion            ||     1
 Stab: Sleeping          ||     1
Armor: Robe              ||     4
Dodge: Dodged            ||    20
